 Dungeon Crawl Stone Soup version 0.32-a0-886-g41c5271027 (webtiles) character file.

Game seed: 4362883017187786601

418 Biggs the Shooter (level 6, -1/44 HPs)
             Began as a Coglin Hunter on Apr 2, 2024.
             Slain by a black bear (6 damage)
             ... on level 4 of the Dungeon.
             The game lasted 00:04:45 (3367 turns).

Biggs the Shooter (Coglin Hunter)                   Turns: 3367, Time: 00:04:46

Health: -1/44      AC:  4    Str: 11    XL:     6   Next: 93%
Magic:  6/6        EV: 11    Int:  8    God:
Gold:   156        SH:  0    Dex: 20    Spells: 5/5 levels left

rFire   . . .        a - +2 sling {Byeongho}
rCold   . . .        d - +0 sling {Seoyun}
rNeg    . . .        c - +0 leather armour
rPois   .            (no helmet)
rElec   .            (no cloak)
rCorr   .            n - +0 pair of gloves
SInv    .            (no boots)
Will    .....        (amulet unavailable)
Stlth   ++           (ring unavailable)
HPRegen 0.27/turn    (ring unavailable)
MPRegen 0.10/turn    (no gizmo)

%: no passive effects
@: revved
A: off-hand wielding, slow wielding, warmup strikes, no jewellery
a: Invent Gizmo


You were on level 4 of the Dungeon.
You visited 1 branch of the dungeon, and saw 4 of its levels.

You collected 156 gold pieces.

Inventory:

Hand Weapons
 a - a +2 sling (weapon) {Byeongho}
 d - a +0 sling (offhand) {Seoyun}
Armour
 c - a +0 leather armour (worn)
 n - a +0 pair of gloves (worn)
Wands
 r - a wand of flame (16)
Scrolls
 b - a scroll of butterflies
 e - 2 scrolls of vulnerability {unknown}
 g - a scroll of blinking {unknown}
 h - 4 scrolls of teleportation {unknown}
 i - a scroll of immolation {unknown}
 j - 2 scrolls of noise {unknown}
 l - a scroll of brand weapon {unknown}
 o - a scroll of amnesia {unknown}
 q - a scroll of enchant armour {unknown}
 s - a scroll of identify {unknown}
Potions
 f - a potion of cancellation {unknown}
 k - 4 potions of curing {unknown}
 m - 3 potions of heal wounds {unknown}
 p - a potion of lignification {unknown}


   Skills:
 - Level 2.0 Fighting
 + Level 7.3 Ranged Weapons
 - Level 1.7 Dodging
 - Level 0.7 Stealth


You had 5 spell levels left.
You didn't know any spells.
Your spell library contained the following spells:

 Spells                   Type           Power      Damage    Failure   Level
 Magic Dart               Conj           0%         1d3       50%         1
 Blink                    Tloc           0%         N/A       65%         2
 Call Imp                 Summ           0%         N/A       65%         2


Dungeon Overview and Level Annotations

Branches:
Dungeon (4/15)
 Temple: D:4-7

Altars:
Dithmenos
Hepliaklqana
Sif Muna
Zin

Shops:
D:1 (


Innate Abilities, Weirdness & Mutations

You can wield a second weapon in your off-hand.
It takes a long time for you to wield or remove held weapons.
Your first few attacks do less damage.
You cannot equip rings or amulets.


Message History

Unknown command.
You shoot a sling bullet. The sling bullet hits the black bear.
The black bear is moderately wounded.
You shoot a sling bullet. The sling bullet hits the black bear.
The black bear is heavily wounded.
You hear the rapid hiss of a very distant avalanche of sand.
The black bear bites you. The black bear claws you. x2
Unknown command.
You shoot a sling bullet. The sling bullet hits the black bear!
The black bear is severely wounded.
You shoot a sling bullet.
The sling bullet hits the black bear but does no damage.
The black bear is severely wounded.
The black bear goes berserk!
The black bear bites you. The black bear claws you.
The black bear claws you but does no damage.
You shoot a sling bullet. The sling bullet hits the black bear.
The black bear is severely wounded.
You shoot a sling bullet.
The sling bullet hits the black bear but does no damage.
The black bear is severely wounded.
The black bear bites you. The black bear claws you.
The black bear barely misses you.
You are too injured to fight recklessly!
You are too injured to fight recklessly!
Unknown command.
Fire: a) +2 sling {Byeongho}
Press: ? - help, Q - select action, (/) - cycle Shift-Dir - straight line, f/p - black bear
Aim: a black bear (severely wounded, berserk, 72% to hit)
You shoot a sling bullet. The sling bullet hits the black bear!
The black bear is almost dead.
You shoot a sling bullet.
The sling bullet barely misses the black bear.
The black bear bites you!
* * * LOW HITPOINT WARNING * * *
The black bear claws you.
* * * LOW HITPOINT WARNING * * *
The black bear claws you but does no damage.
The black bear bites you.
You die...

#.##?#.. .....
##...#.....
#.##...####.##.#
#.#....... #.###..#
#.# # #.##.$.... #.#
#..# #.# #.###.....
#.# #..# #.# ####.#
#..... #.#
#(####.##......#
###+##
##'####...............
##
#....##.####.#####...
#. #####....##.# #@#
#. ....'....##.# #h#
#. #####....##.# #.# #
# #....##.# #.# ....#
###....##.# #.# #...
#...#####.# #.# ##.#
#...# #.# #.# # #...#
#.# ..# #. #...# #.#
#.


You could see a black bear (berserk).

Vanquished Creatures
  A centaur (D:3)
  An orc priest (D:4)
  3 hounds
  Jessica (D:3)
  An iguana (D:4)
  6 adders
  3 gnolls (D:4)
  A dart slug (D:3)
  3 ribbon worms (D:2)
  8 orcs
  7 ball pythons
  8 endoplasms
  6 giant cockroaches
  3 goblins
  6 hobgoblins
  3 kobolds
  3 quokkas
  A bat (D:1)
  3 frilled lizards
  5 rats
73 creatures vanquished.

Notes
Turn   | Place    | Note
-------+----------+-------------------------------------------
     0 | D:1      | Biggs the Coglin Hunter began the quest for the Orb.
     0 | D:1      | Reached XP level 1. HP: 16/16 MP: 1/1
   145 | D:1      | Reached skill level 4 in Ranged Weapons
   145 | D:1      | Reached XP level 2. HP: 22/22 MP: 2/2
   308 | D:1      | Found Gesips's Antique Weapon Shoppe.
  1027 | D:2      | Reached XP level 3. HP: 22/27 MP: 3/3
  1306 | D:2      | Reached skill level 5 in Ranged Weapons
  1369 | D:2      | Reached XP level 4. HP: 33/33 MP: 4/4
  1644 | D:2      | Identified the +5 chain mail "Ycoqi" {^Contam Int-2 Dex+9
                  | Stlth+}
  2060 | D:3      | Reached XP level 5. HP: 32/38 MP: 5/5
  2389 | D:3      | Noticed a centaur
  2393 | D:3      | Killed a centaur
  2394 | D:3      | Reached skill level 6 in Ranged Weapons
  2539 | D:3      | Reached XP level 6. HP: 44/44 MP: 6/6
  2641 | D:3      | Noticed Jessica
  2648 | D:3      | Killed Jessica
  3005 | D:4      | Reached skill level 7 in Ranged Weapons
  3135 | D:4      | Found a hazy altar of Hepliaklqana.
  3138 | D:4      | Found a glowing silver altar of Zin.
  3141 | D:4      | Found a shimmering blue altar of Sif Muna.
  3144 | D:4      | Found a shadowy altar of Dithmenos.
  3226 | D:4      | HP: 2/44 [iguana (10)]
  3359 | D:4      | Noticed a black bear
  3367 | D:4      | Slain by a black bear

Illustrated notes

Levels and vault maps discovered:
D:1:      dpeg_arrival_chambers_temple_mockup, layout_basic, serial_shops,
          nicolae_shop_behind_doors
D:2:      layout_basic
D:3:      layout_basic, uniq_jessica
D:4:      layout_basic, grunt_temple_overflow_cloverleaf,
          mainiacjoe_ossuary_entry_find_the_door, saegor_snake_ambush

Skill      XL: |  1  2  3  4  5  6 |
---------------+-------------------+-----
Ranged Weapons | 4 5 6 7 |  7.3
Fighting       | |  2.0
Dodging        | |  1.7
Stealth        | |  0.7

Action                     |  1- 3 |  4- 6 || total
---------------------------+-------+-------++-------
   Fire: Sling             |   144 |   248 ||   392
 Armour: Leather armour    |     8 |    43 ||    51
  Dodge: Dodged            |     6 |    35 ||    41

Table legend: (Time is in decaauts)
 A = Elapsed time spent in this place.
 B = Non-inter-level travel time spent in this place.
 C = Inter-level travel time spent in this place.
 D = Time resting spent in this place.
 E = Time spent auto-exploring this place.
 F = Levels seen in this place.
 G = Mean time per level.
                   A        B        C        D        E       F      G
               +--------+--------+--------+--------+--------+-----+--------+
         Total |   3425 |   3323 |    102 |     56 |   2758 |   4 |  856.2 |
       Dungeon |   3425 |   3323 |    102 |     56 |   2758 |   4 |  856.2 |
               +--------+--------+--------+--------+--------+-----+--------+

Top non-repeatable levels by time:
     D:1: 964 daAuts
     D:2: 963 daAuts
     D:3: 914 daAuts
     D:4: 583 daAuts
